 Dungeon Crawl Stone Soup version 0.30.1-4-g462c640d31 (webtiles) character file.

Game seed: 9128492621803895746

3394 Wiggles the Cleaver (level 9, 0/82 HPs)
             Began as a Minotaur Berserker on Sept 5, 2023.
             Was an Elder of Trog.
             Slain by a vampire (1 damage)
             ... on level 7 of the Dungeon.
             The game lasted 00:09:31 (5568 turns).

Wiggles the Cleaver (Minotaur Berserker)            Turns: 5568, Time: 00:09:32

Health: 0/82       AC: 13    Str: 26    XL:     9   Next: 75%
Magic:  8/8        EV: 10    Int:  4    God:    Trog [****..]
Gold:   244        SH:  3    Dex: 10    Spells: 8/8 levels left

rFire   . . .        C - +4 war axe
rCold   . . .        y - +0 buckler
rNeg    . . .        n - +0 chain mail
rPois   .            l - +0 hat {Stlth+}
rElec   .            (no cloak)
rCorr   .            w - +1 pair of gloves
SInv    .            (no boots)
Will    .....        (no amulet) Stlth
                     (no ring)
HPRegen 0.33/turn    (no ring)
MPRegen 0.11/turn

%: no passive effects
@: on berserk cooldown, slowed, very slow
A: horns 2, retaliatory headbutt
a: Renounce Religion, Berserk, Trog's Hand, Brothers in Arms


You were on level 7 of the Dungeon.
You worshipped Trog.
Trog was greatly pleased with you.
You visited 1 branch of the dungeon, and saw 7 of its levels.

You collected 244 gold pieces.

Inventory:

Hand Weapons
 C - a +4 war axe (weapon)
Missiles
 r - 2 throwing nets (quivered)
Armour
 l - a +0 hat of stealth (worn)
 n - a +0 chain mail (worn)
 w - a +1 pair of gloves (worn)
 y - a +0 buckler (worn)
Wands
 x - a wand of iceblast (8)
 z - a wand of charming (7)
 A - a wand of flame (9)
Scrolls
 b - 3 scrolls of poison {unknown}
 d - 7 scrolls of identify {unknown}
 e - 3 scrolls of teleportation {unknown}
 f - a scroll of fog {unknown}
 h - 3 scrolls of immolation {unknown}
 i - 2 scrolls of enchant armour {unknown}
 o - a scroll of torment {unknown}
 q - 2 scrolls of blinking {unknown}
 s - 2 scrolls of noise {unknown}
 t - a scroll of enchant weapon {unknown}
 B - 2 scrolls of magic mapping {unknown}
Potions
 a - 4 potions of lignification {unknown}
 c - a potion of resistance {unknown}
 j - a potion of flight {unknown}
 k - a potion of magic {unknown}
 p - a potion of brilliance {unknown}
 u - a potion of haste {unknown}
 v - 2 potions of ambrosia {unknown}
Miscellaneous
 g - a piece from Xom's chessboard (15/15)


   Skills:
 + Level 8.3 Fighting
 + Level 11.4 Axes
 + Level 8.9 Armour
 + Level 4.8 Dodging
 + Level 1.1 Stealth
 + Level 1.2 Shields


You had 8 spell levels left.
You didn't know any spells.
Your spell library was empty.

Dungeon Overview and Level Annotations

Branches:
Dungeon (7/15)
 Temple: D:4-7

Altars:
Dithmenos
Nemelex Xobeh
Qazlal
Wu Jian
Xom

Shops:
D:2 *


Innate Abilities, Weirdness & Mutations

You have a pair of horns on your head.
You reflexively headbutt those who attack you in melee.


Message History

The vampire mumbles some strange words.
The vampire flickers and vanishes!
Deactivating autopickup; reactivate with Ctrl-A.
You bump into the tree.
Something hits you but does no damage. Something bites you but does no damage.
Something hits you. Something bites you but does no damage.
You bump into the tree.
You feel less confused. Something hits you but does no damage.
Something completely misses you.
You slash something! Something draws life force from you!
You slash something! Something completely misses you. Something bites you!
Something draws strength from your injuries!
Something draws life force from you!
You closely miss something. You headbutt something!
Something draws life force from you! Something hits you.
Something bites you but does no damage.
You hit something.
You hear some strange, mumbled words.
You are confused.
You bump into the tree.
Something hits you!
* * * LOW HITPOINT WARNING * * *
Something bites you.
* * * LOW HITPOINT WARNING * * *
Something draws strength from your injuries!
Something hits you but does no damage. Something bites you but does no damage.
You miss something. Something hits you but does no damage.
Something bites you but does no damage.
You bump into the tree.
You hear some strange, mumbled words.
Something tries to affect you, but you resist.
Something draws life force from you!
* * * LOW HITPOINT WARNING * * *
You completely miss something. Your headbutt misses something.
Something hits you but does no damage. Something bites you but does no damage.
You hit something. Your headbutt misses something.
You feel less confused. Something draws life force from you!
* * * LOW HITPOINT WARNING * * *
Something hits you but does no damage. Something bites you.
You die...

#.###.#
#♣.♣.♣#.#
..# .#
#..#....#
..# .#
#|#...#
..# .#
#..#....#
#.# .#
#♣.♣.♣#.#
#♣.. ♣#
#..♣..#.#
# ♣♣.
#.♣♣♣.# #
# ♣
#..♣..# #
#♣.♣@♣# #
♣{♣♣ #
♣o♣ # ♣F♣
# o♣. # .
. # .. ..
# .♣ ♣.
#######
## ##


You could see an orc warrior, a bullfrog and an orc.

Vanquished Creatures
  Grinder (D:5)
  Prince Ribbit (D:6)
  A wraith (D:7)
  A yak (D:7)
  A wyvern (D:7)
  Edmund (D:6)
  A water moccasin (D:7)
  2 black bears (D:5)
  2 ice beasts (D:7)
  2 ogres
  2 sky beasts (D:7)
  2 centaurs (D:7)
  2 phantoms
  Blork the orc (D:4)
  A bullfrog (D:7)
  A gnoll sergeant (D:7)
  3 scorpions
  A wight (D:7)
  3 jellies
  6 hounds
  A sleepcap (D:6)
  3 orc priests
  A gnoll bouda (D:7)
  An orc wizard (D:4)
  Natasha (thrice) (D:6)
  3 iguanas
  Robin (D:2)
  11 gnolls
  9 adders
  2 shadow imps (D:7)
  2 white imps (D:5)
  2 ufetubi
  3 worms
  A dart slug (D:1)
  11 orcs
  4 bats (D:1)
  5 endoplasms
  2 giant cockroaches
  13 goblins
  6 hobgoblins
  7 jackals (D:3)
  7 kobolds
  3 quokkas
  10 ball pythons
  4 frilled lizards
  9 rats
  A butterfly (D:5)
160 creatures vanquished.

Notes
Turn   | Place    | Note
-------+----------+-------------------------------------------
     0 | D:1      | Wiggles the Minotaur Berserker began the quest for the Orb.
     0 | D:1      | Reached XP level 1. HP: 19/19 MP: 0/0
    55 | D:1      | Reached XP level 2. HP: 27/27 MP: 1/1
   119 | D:1      | Reached skill level 4 in Axes
   200 | D:1      | Reached ** piety under Trog
   328 | D:1      | You fall into a shaft and drop 1 floor!
   510 | D:1      | Reached XP level 3. HP: 33/33 MP: 2/2
   884 | D:2      | Noticed Robin
   896 | D:2      | Killed Robin
  1010 | D:2      | Reached XP level 4. HP: 40/40 MP: 3/3
  1023 | D:2      | Found Ruuzxir's Assorted Antiques.
  1743 | D:3      | Reached skill level 5 in Axes
  1745 | D:3      | Reached *** piety under Trog
  1840 | D:3      | Found a sparkling altar of Nemelex Xobeh.
  1929 | D:3      | Found a faded altar of an unknown god.
  1929 | D:3      | Noticed an Executioner
  2314 | D:4      | Reached XP level 5. HP: 47/47 MP: 4/4
  2353 | D:4      | Noticed Blork the orc
  2356 | D:4      | Noticed Natasha
  2363 | D:4      | Killed Blork the orc
  2405 | D:4      | Reached skill level 6 in Axes
  2462 | D:4      | Reached XP level 6. HP: 41/53 MP: 5/5
  2722 | D:4      | Found a stormy altar of Qazlal.
  2793 | D:5      | Entered Level 5 of the Dungeon
  2817 | D:5      | Noticed Grinder
  2823 | D:5      | Reached skill level 7 in Axes
  2825 | D:5      | Paralysed by Grinder for 2 turns
  2839 | D:5      | Paralysed by Grinder for 2 turns
  2846 | D:5      | Killed Grinder
  2847 | D:5      | Reached skill level 5 in Fighting
  2847 | D:5      | Reached XP level 7. HP: 41/61 MP: 6/6
  2954 | D:5      | Reached skill level 8 in Axes
  2969 | D:5      | Reached skill level 5 in Armour
  3372 | D:5      | Reached XP level 8. HP: 70/70 MP: 7/7
  3420 | D:5      | Reached **** piety under Trog
  3559 | D:5      | Found a shimmering altar of Xom.
  3636 | D:6      | Reached skill level 9 in Axes
  3706 | D:6      | Noticed Edmund
  3721 | D:6      | Killed Edmund
  4052 | D:6      | Killed Natasha
  4202 | D:6      | Noticed Prince Ribbit
  4222 | D:6      | Killed Prince Ribbit
  4223 | D:6      | Reached skill level 10 in Axes
  4383 | D:6      | Reached skill level 1 in Stealth
  4534 | D:6      | Found an ornate altar of the Wu Jian Council.
  4534 | D:6      | Found a shadowy altar of Dithmenos.
  4646 | D:6      | Noticed Natasha
  4649 | D:6      | Killed Natasha
  4794 | D:6      | Noticed Natasha
  4803 | D:6      | Killed Natasha
  4836 | D:7      | Reached XP level 9. HP: 59/79 MP: 8/8
  5306 | D:7      | Reached skill level 11 in Axes
  5306 | D:7      | Reached skill level 1 in Shields
  5568 | D:7      | HP: 1/82 [something (7)]
  5568 | D:7      | Slain by a vampire

Illustrated notes

Levels and vault maps discovered:
D:1:      giann_wishing_wells, layout_loops_ring
D:2:      layout_loops_ring, serial_shops, shop, uniq_robin
D:3:      minmay_evil_eye, layout_basic, mainiacjoe_overflow_paths,
          dreamdust_ecumenical_altar_sealed_demon
D:4:      layout_rooms, kennysheep_mini, uniq_blork_the_orc, uniq_natasha
D:5:      layout_basic, xom_butterflies, uniq_grinder
D:6:      layout_basic, amethyst_overflow_temple_binary, uniq_edmund,
          uniq_prince_ribbit1
D:7:      nzn_winding_woodlands_medium [nzn_winding_woodlands_5x5_open_star,
          nzn_winding_woodlands_5x15_twine, nzn_winding_woodlands_hourglass,
          nzn_winding_woodlands_5x5_closed_star,
          nzn_winding_woodlands_center_pierced_h,
          nzn_winding_woodlands_5x5_three, nzn_winding_woodlands_5x5_default,
          nzn_winding_woodlands_5x15_cabin,
          nzn_winding_woodlands_5x5_checkerboard], layout_basic,
          okawaru_gym_becter, minmay_temple_entry_statues_fountains,
          minivault_10, uniq_pikel

Skill      XL: |  1  2  3  4  5  6  7  8  9 |
---------------+----------------------------+-----
Fighting       | 4 5 7 8 |  8.3
Axes           | 4 5 6 7 8 10 11 | 11.4
Armour         | 3 4 5 7 8 |  8.9
Dodging        | 3 4 |  4.8
Stealth        | 1 |  1.1
Shields        | 1 |  1.2

Action                     |  1- 3 |  4- 6 |  7- 9 || total
---------------------------+-------+-------+-------++-------
  Melee: Hand axe          |    77 |   115 |   154 ||   346
         Headbutt          |    13 |    22 |    29 ||    64
         Punch             |       |     1 |       ||     1
         War axe           |       |       |    53 ||    53
 Invoke: Berserk           |     1 |     2 |     1 ||     4
   Stab: Distracted        |     1 |       |       ||     1
 Armour: Animal skin       |     4 |       |       ||     4
         Scale mail        |    26 |     6 |       ||    32
         Chain mail        |       |    43 |   115 ||   158
  Dodge: Dodged            |    44 |    56 |   101 ||   201
  Block: Buckler           |       |       |    13 ||    13
